[Event "44th Chess Olympiad Open 2022"]
[Site "Chennai"]
[Date "2022.08.03"]
[Round "6.53"]
[White "Fortes, Aires"]
[Black "Steil-Antoni, Fiona"]
[Result "0-1"]
[WhiteElo "1508"]
[BlackElo "2218"]
[Annotator "TA"]
[PlyCount "54"]
[EventDate "2022.??.??"]
[TimeControl "60"]

1. e4 g6 2. d4 Bg7 3. Nf3 d6 4. Bc4 e6 5. O-O Ne7 6. Bf4 {[%emt 0:
00:00] B06: Modern Defence.} h6 7. h3 O-O 8. Nc3 {[%emt 0:02:32] White is slightly better.} a6 {[%emt 0:
00:00] [#]} 9. Ne2 $146 ({Predecessor:} 9. a4 b6 10. Qe2 Bb7
11. Rad1 Nd7 12. Rfe1 Nf6 13. Bb3 Kh7 14. Bh2 Nd7 15. Qd2 {0-1 (37) Zadravec,M
(2157)-Loncar,R (2404) Podturen 2019}) 9... b5 10. Bd3 Bb7 11. Ng3 f5 12. Qd2 g5 {[%emt 0:03:48] [#]} 13. Bxg5 hxg5 14. Nxg5 Qd7 15. Qe2 Bxd4 $2 (15... Rf6 $16 {was necessary.}) 16.
Qh5 $18 Nc8 $2 (16...
Nd5) 17. Qg6+ $2 (17. exf5 $18 Qg7 18. fxe6) 17... Qg7 $16 18. Qxe6+ Kh8 {[%emt 0:01:06] [#]} 19. h4 (19. Nxf5 Qxg5 20. Nxd4 Ne7 $17) 19... Bf6 (
19... Bxb2 $2 20. Nh5 Rf6 {[#]} 21. Qb3 $1 $18) 20. Nh5 (20.
Nxf5 Qd7 $11) (20. Rae1 $5 ) 20... Qe7 21. exf5 (21. Nf4 $14 Qxe6 22. Nfxe6 fxe4 23. Bxe4 (23. Nxf8 exd3 24.
Nfe6 dxc2 $11) 23... Bxe4 24. Nxf8) 21... Bxg5 $11 22. hxg5 Qxg5 {[%emt 0:00:53][%csl Gb7][%cal Rg5g2] Really sharp!} 23.
Ng3 {[%emt 0:00:25][%cal Yf5f6] Strongly threatening f6!} Ne7 (23... Qg7 $11 {feels stronger.}) 24. Rae1 (24. f6 $1 $14 Ng8
25. f7) 24... Nbc6 {[%emt 0:03:23] And now ...Ne5 would win.} 25. Ne4 $2 (25. Qd7 $1 $11 {and White has nothing to worry.}) 25... Qg8 $2 (25... Qxf5 $2 26. Qh6+ Qh7 27. Qxh7+ Kxh7 28. Nxd6+ Kg7 29.
Nxb7 $18) ({Black should play} 25... Qh4 $19 {White must now prevent ...Nd4.}
26. f6 Nd5 27. Nxd6 (27. Qxd5 $2 Ne5 $19) 27... Nd4) 26. Qh6+ Qh7 27. Qxh7+ Kxh7 {[%emt 0:00:02] Black
escapes into a draw. Weighted Error Value: White=0.45/Black=0.45. Sensor Board
Error (Ke4/e5)?} 0-1

[Event "44th Chess Olympiad Open 2022"]
[Site "Chennai"]
[Date "2022.08.03"]
[Round "6.54"]
[White "Dias, Vanderson"]
[Black "Belzo, Krzysztof"]
[Result "1/2-1/2"]
[WhiteElo "2139"]
[BlackElo "2080"]
[Annotator "NA RC"]
[PlyCount "130"]
[EventDate "2022.??.??"]
[TimeControl "60"]

1. e4 c5 2. Nf3 Nc6 3. d4 cxd4 4. Nxd4 d5 5. Nxc6 bxc6 6.
exd5 Qxd5 7. Nc3 Qxd1+ 8. Nxd1 e5 9. Bc4 Nf6 10. O-O Bd6 11.
Nc3 O-O 12. Bg5 Bf5 13. Bxf6 gxf6 14. Bd3 Be6 15. Ne4 Be7 16. Ng3 Rab8 17. b3 Rfd8 18. Rad1 a5 19. f4 Bg4 20. Rb1 Bc5+ 21. Kh1 h5 22. h3 Be6 23. Nxh5 Be7 24. Rbe1 Rd5 25. fxe5 Rxe5 26. Ng3 a4 27. Rxe5 fxe5 28. Bf5 Bxf5 29. Nxf5 Bg5 30. h4 Bd2 31. Rf2 axb3 32. axb3 Be1 33. Re2 Bc3 34. g3 c5 35. Kg2 c4 36. bxc4 Rb4 37. Ne7+ Kf8 38. Nd5 Rxc4 39. Nxc3 Rxc3 40. Rxe5 Rxc2+ 41. Kh3 f6 42. Rb5 Kg7 43. h5 Rc4 44. Rb6 Ra4 45. g4 Ra7 46. Rb5 Ra3+ 47. Kh4 Ra7 48. Kg3 Ra4 49. Rb7+ Kg8 50. h6 Rc4 51. Rg7+ Kf8 52. Rg6 Kf7 53. Rg7+ Kf8 54. Rd7 Kg8 55. Rd6 Kf7 56. Rd7+ Kg8 57. h7+ Kh8 58. Rf7 Rb4 59. Kh4 f5 60. Rxf5 Kxh7 61. Kh5 Kg7 62. Rd5 Rb6 63. Rd7+ Kg8 64. g5 Ra6 65. g6 Ra1 1/2-1/2

[Event "44th Chess Olympiad Open 2022"]
[Site "Chennai"]
[Date "2022.08.03"]
[Round "6.54"]
[White "Lutuima, Amaro"]
[Black "Forbes, Garry"]
[Result "1-0"]
[WhiteElo "2048"]
[BlackElo "1908"]
[Annotator "NA RC"]
[PlyCount "57"]
[EventDate "2022.??.??"]
[TimeControl "60"]

1. e4 g6 2. d4 Bg7 3. c4 d6 4. Nc3 Nf6 5. Bd3 a6 6. Nge2 Nbd7 7. f4 c5 8. d5 b5 9. cxb5 axb5 10. Bxb5 O-O 11. O-O Ba6 12. Bc6 Rb8 13. h3 Ne8 14. Re1 Nc7 15. Qc2 Bxe2 16. Rxe2 e6 17. a4 exd5 18. exd5 Na6 19. Nb5 Nb4 20. Qc4 Nb6 21. Qb3 Qf6 22. Qf3 h5 23. Kh2 Nc8 24. Bd2 Qxb2 25.
Rae1 Qf6 26. Bc3 Qd8 27. Re8 Rxe8 28. Rxe8+ Qxe8 29. Bxe8 1-0

[Event "44th Chess Olympiad Open 2022"]
[Site "Chennai"]
[Date "2022.08.03"]
[Round "6.54"]
[White "Carpenter, Paul A"]
[Black "Silva, David"]
[Result "0-1"]
[WhiteElo "1938"]
[BlackElo "2315"]
[Annotator "TA"]
[PlyCount "48"]
[EventDate "2022.??.??"]
[TimeControl "60"]

1. e4 c5 2. d3 Nc6 3. Nd2 g6 4. c3 Bg7 5. Ngf3 d6 6. h3 {[%emt 0:01:26] B20:
Sicilian: Unusual White 2nd moves.} Nf6 7. Be2 O-O 8. g4 (8. O-O $11) 8... d5 $17 9. Qc2 e5 10. Nf1 {[%emt 0:
00:00] [#]} Be6 $146 ({Predecessor:} 10... d4 11. Ng3 Be6 12.
Ng5 Bd7 13. f4 Qc7 14. f5 dxc3 15. bxc3 c4 16. dxc4 Rfd8 {1-0 (44) Damia,A 
(2338)-Codenotti,M (2119) Milan 2009}) 11. Ng3 Rc8 (11... d4 $17) 12. Rg1 {[%emt 0:02:18] [#]} (12. g5 $1 $11 Ne8 13. h4)
12... Kh8 ({Better is} 12... d4 $1 $17) 13. Bg5 (13. g5 $11 {keeps the balance.} Ne8 14. exd5 Qxd5 15. h4) 13... b5 (13... d4 $17) 14. Qc1 d4 15.
Nxe5 $2 {[%emt 0:13:06] White does not recover from this.} Nxe5 $19 16. f4 h6 17. fxe5 hxg5 18. exf6 Qxf6 19. e5 $2 (19. Rf1 Qe5 20. Kf2) 19... Qxe5 {[%emt 0:00:24] [#] White
must now prevent ...c4. Black is clearly winning.} 20. Ne4 dxc3 21. bxc3 c4 {[%emt 0:00:10] aiming for .
..cxd3.} 22. h4 cxd3 23. Bxd3 Bd5 {[%emt 0:00:12] This bishop pair is nice.} 24. Qxg5 Rfe8
{[%emt 0:00:19] Weighted Error Value: White=1.21/Black=0.10 (very precise)} (
24... f5 $142 25. Rd1 Bxe4) 0-1

[Event "44th Chess Olympiad Open 2022"]
[Site "Chennai"]
[Date "2022.08.03"]
[Round "6.54"]
[White "Gurner, Jem"]
[Black "Junior, Domingos"]
[Result "1/2-1/2"]
[WhiteElo "1800"]
[BlackElo "2107"]
[Annotator "NA RC"]
[PlyCount "77"]
[EventDate "2022.??.??"]
[TimeControl "60"]

1. d4 Nf6 2. c4 e6 3. Nf3 b6 4. g3 Bb7 5. Bg2 Be7 6. O-O O-O 7. Re1 d5 8.
cxd5 exd5 9. Nc3 Nbd7 10. Bf4 Ne4 11. Rc1 Nxc3 12. Rxc3 c6 13.
a3 Re8 14. h4 b5 15. Rc1 Bf6 16. Qd3 Nb6 17. Ng5 g6 18. b3 Qe7 19. e4 h6 20. Nh3 dxe4 21. Bxe4 Qd7 22. Bxg6 Rxe1+ 23. Rxe1 fxg6 24. Qxg6+ Qg7 25. Qh5 Qf7 26. Qxh6 Bg7 27. Qg5 Re8 28. Rxe8+ Qxe8 29. Be5 Qf8 30. Nf4 Nd7 31. h5 Nxe5 32. dxe5 Qxa3 33. h6 Qa1+ 34. Kh2 Qxe5 35. Qd8+ Kh7 36. Qd7 Qd4 37. Qxb7 Qxf2+ 38. Kh3 Qf1+ 39. Kh2 1/2-1/2

[Event "44th Chess Olympiad Open 2022"]
[Site "Chennai"]
[Date "2022.08.03"]
[Round "6.55"]
[White "Makoto, Rodwell"]
[Black "Blackman, Justin"]
[Result "1/2-1/2"]
[WhiteElo "2346"]
[BlackElo "2195"]
[Annotator "TA"]
[PlyCount "142"]
[EventDate "2022.??.??"]
[TimeControl "60"]

1. Nf3 Nf6 2. c4 e6 3. g3 d5 4. d4 Be7 5. Bg2 O-O 6. O-O dxc4 7. Qc2 a6 8. a4 Bd7 9. Bg5 Bc6 10. Qxc4 Nbd7 {[%emt 0:00:10] E05: Open
Catalan: 5 Nf3 Be7.} 11. Rd1 h6 12. Bxf6 Nxf6 13. Nc3 Bd5 14. Qd3 Bxf3 15. Bxf3 c6 16. e3 Qa5 17. h4 {
[%emt 0:01:08] [#]} Rfd8 $146 ({Predecessor:} 17... Rad8 18.
Qc2 e5 19. dxe5 Qxe5 20. Qb3 Qc7 21. a5 Rxd1+ 22. Rxd1 Rd8 23. Rxd8+ Bxd8 {
1-0 (46) Michaelides,K (2149)-Melas,R (2117) Larnaca 2018}) 18. Qc2 Rd7 19. Ne2 Rad8 20.
Nc1 e5 21. Nb3 Qc7 22. Qc3 (22. dxe5 $11 {might be stronger.} Qxe5 23.
Rxd7 Rxd7 24. Qc3) 22... exd4 (22... e4 $15 {is more
appropriate.} 23. Bg2 Nd5) 23. Rxd4 $11 Rxd4 24. Nxd4 Nd5 25. Bxd5 Rxd5 26. e4 Rd7 {[%emt 0:06:41][%cal Yd5d7,Yd7d2,
Yd2b2] ...Bf6 is the strong threat.} 27. Nf5 (27. Nf3 $11)
27... Bf8 (27... Bf6 $1 $17 28. Qc2 (28. Nxh6+
$2 Kh7 $19) 28... Qb6) 28. h5 Qd8 29. Qf3 {
[%emt 0:01:09] Against Rd1+} Rd2 30. Re1 ({
White should try} 30. b3 $15) 30... Rxb2 $17 31. e5 Bc5 32. Rf1 Qd2 {[%emt 0:00:00]
Against Qc3} 33. Kg2 Qd5 {[%emt 0:05:58] Prevents Nd6.} 34.
Qxd5 cxd5 {[%emt 0:00:07] Endgame KRB-KRN} 35. Kf3 a5 36. Ne3 Rb3 37.
Ke2 d4 38. Nc4 (38. Nd5 $17)
38... b6 $19 39. Ra1 Kf8 40.
Nd2 Rb2 41. Kd3 Ke7 $1 42. Nf3 Rxf2 43. Nxd4 Bxd4 44. Kxd4 {[%emt 0:00:06] KR-KR} Rb2 {
[%emt 0:00:09] Against Rb1. Threatens to win with ...Ke6.} 45. Kd5 f6 46. exf6+ $2 (46. Rc1 {is a better
defense.} fxe5 47. Kxe5) 46... Kxf6 47. Rf1+ Kg5 48. Rf7 Kxh5 49. Rxg7 Rb4 {[%emt 0:00:49] Inhibits g4+.} 50. Rb7 $2 (50. Ke5 Rxa4 51. Kf5) 50... Rxa4 51. Rxb6 Rg4 52. Rb3 Rg5+ 53. Ke4 {
[%emt 0:03:15] [#]} Kg4 $1 54. Ra3 Kh3 $2 ({Black should play} 54... Rf5 $19 55. Rc3 Rf6) 55. Ra1 $1 $11 Kxg3 56. Rh1 $1 Rg4+ 57. Ke3 Rh4 58. Rg1+ Kh2 $1 59. Rg6 {[%emt 0:00:38] [#]} h5 $2 (59... a4 $1 $19 {White must now prevent ...Rh3+.} 60. Kf2 Rh5)
60. Rg5 $1 {[%emt 0:01:28] The position is equal.} a4 61. Kf2
$1 Rf4+ 62. Ke3 Rb4 {
[%emt 0:00:55] Strongly threatening ...h4.} 63. Rxh5+ Kg2 64. Kd3 Rg4 65. Kc3 Kf3 66. Kb2 $1 Ke3 67. Ka3 Kd3 68. Rh3+ Kc2 69. Rh2+ Kd3 70. Rh3+ Kc2 71. Rh2+ Kd3 {[%emt 0:00:
00] White happily takes the draw. Weighted Error Value: White=0.24 (precise) /
Black=0.25 (precise)} 1/2-1/2

[Event "44th Chess Olympiad Open 2022"]
[Site "Chennai"]
[Date "2022.08.03"]
[Round "6.55"]
[White "Zhemba, Jemusse"]
[Black "Parsons, Justin"]
[Result "1-0"]
[WhiteElo "2162"]
[BlackElo "1749"]
[Annotator "NA RC"]
[PlyCount "75"]
[EventDate "2022.??.??"]
[TimeControl "60"]

1. Nf3 d5 2. g3 g6 3. d4 Bg7 4. Bg2 Nf6 5. c4 c6 6. Nc3 O-O 7. cxd5 cxd5 8. Qb3 Nc6 9. Bg5 e6 10. O-O Na5 11. Qc2 Bd7 12. e4 Qb6 13. Bxf6 Bxf6 14. exd5 Rac8 15. Ne5 Bxe5 16. dxe5 exd5 17. Bxd5 Bf5 18. Qe2 Nc6 19. Rad1 Rfe8 20. Bxc6 Rxc6 21. Nd5 Qc5 22. b4 Qf8 23. Qb2 Ree6 24. Nf6+ Kg7 25. Rd2 h5 26. Rfd1 Qb8 27. b5 Rc4 28. Rd6 Rc2 29. Qd4 Rxa2 30. h3 Re2 31. g4 hxg4 32. hxg4 Bc2 33. Rxe6 fxe6 34. Qd7+ Kh6 35. f4 g5 36. Qxe6 Bg6 37. Ng8+ Kh7 38. Rd7+ 1-0

[Event "44th Chess Olympiad Open 2022"]
[Site "Chennai"]
[Date "2022.08.03"]
[Round "6.55"]
[White "Edwards, Emar"]
[Black "Masango, Spencer"]
[Result "0-1"]
[WhiteElo "1695"]
[BlackElo "2170"]
[Annotator "NA RC"]
[PlyCount "70"]
[EventDate "2022.??.??"]
[TimeControl "60"]

1. e4 e5 2. Nf3 Nc6 3. Bc4 Bc5 4. c3 Nf6 5. d4 exd4 6. b4 Bb6 7. e5 d5 8. exf6 dxc4 9. Qe2+ Be6 10. b5 d3 11. fxg7 Rg8 12. Qe4 Ne7 13.
Qxh7 Bf5 14. Qh6 Qd6 15. Qxd6 cxd6 16. Bh6 Be6 17. Nh4 Rc8 18. O-O Rc5 19. Bf4 Rh5 20. Nf3 Kd7 21. Nbd2 Rxg7 22. Ne4 Rf5 23. Bg3 Nd5 24. Nxd6 Rxf3 25. gxf3 Rxg3+ 26. hxg3 Kxd6 27. Rfc1 Ba5 28. a4 Nxc3 29. Kg2 d2 30. Rh1 Ne2 31. Rh4 c3 32. b6 axb6 33. Rhh1 c2 34. f4 c1=Q 35. Raxc1 dxc1=Q 0-1

[Event "44th Chess Olympiad Open 2022"]
[Site "Chennai"]
[Date "2022.08.03"]
[Round "6.55"]
[White "Roachford, Adam"]
[Black "Mwadzura, Roy"]
[Result "0-1"]
[WhiteElo "1443"]
[BlackElo "2093"]
[Annotator "NA RC"]
[PlyCount "104"]
[EventDate "2022.??.??"]
[TimeControl "60"]

1. e4 e6 2. d4 d5 3. Nc3 Bb4 4. e5 Ne7 5. Qg4 c5 6. a3 Bxc3+ 7. bxc3 Qc7 8.
Be3 Nbc6 9. Bb5 cxd4 10. Bxd4 O-O 11. Ne2 Nxe5 12. Qg3 f6 13. h4 Nf5 14. Qf4 a6 15. Bd3 Nxd3+ 16. cxd3 e5 17. Qh2 Nxd4 18. cxd4 Qa5+ 19. Kf1 Bf5 20. Qg3 Qd2 21. Rh3 Bxh3 22. gxh3 Rfe8 23. Rb1 b5 24. h5 Rac8 25. Qf3 e4 26. dxe4 Rxe4 27. h6 Qxh6 28. Qf5 Rce8 29. Nc3 Rxd4 30. Nxd5 Qg6 31. Qxg6 hxg6 32. Nc7 Rc8 33. Nxa6 Ra4 34. Nb4 Rxa3 35. Nd5 Rc5 36. Ne3 Ra2 37. Rd1 b4 38. Rd8+ Kh7 39. Rd7 b3 40. Ng4 b2 41. Nxf6+ Kh6 42. Ng4+ Kg5 43. Kg2 b1=Q 44. Rd4 Qb7+ 45. Kh2 Qf3 46. h4+ Kf5 47. Rd3 Rxf2+ 48. Nxf2 Qxf2+ 49. Kh3 Qf1+ 50. Kh2 Rc2+ 51.
Rd2 Rxd2+ 52. Kg3 Qd3# 0-1

[Event "44th Chess Olympiad Open 2022"]
[Site "Chennai"]
[Date "2022.08.03"]
[Round "6.56"]
[White "Brahami, Lamine"]
[Black "Amini, Habibullah"]
[Result "1-0"]
[WhiteElo "2189"]
[BlackElo "2035"]
[Annotator "TA"]
[PlyCount "81"]
[EventDate "2022.??.??"]
[TimeControl "60"]

1. d4 Nf6 2. c4 g6 3. Nc3 Bg7 4. e4 d6 5. f3 O-O 6. Be3 e5 7. Nge2 Nc6 8. d5 Ne7 9. g4 a6 {[%emt 0:01:45] E85: King's Indian: Sämisch: 6...e5.} 10.
Ng3 Ne8 {[%emt 0:08:33] [#]} 11. g5 $146 {[%emt 0:07:54]
White is more active.} (11. Qd2 $16) ({Predecessor:} 11. Bd3 f5 12. gxf5 gxf5
13. exf5 Nxf5 14. Bf2 Nd4 15. Bxd4 exd4 16. Nce4 Qh4 17. Qe2 {0-1 (38)
Heinechen,J (2000)-Melian,J (1576) Asuncion 2018}) 11... c5 {[%emt 0:07:33]
White is slightly better.} 12. Qd2 Nc7 (12...
f5 $14) 13. h4 $1 $16 b5 {[%emt 0:00:00] [#]
} 14. h5 $1 (14. cxb5 f5 $14) 14... bxc4 15.
a4 {[%emt 0:12:59] Against Nb5} Ne8 16. Qh2 Rb8 17. Bxc4 Qa5 18. O-O-O (18. hxg6 $16 fxg6 19. Rc1 (19. Qxh7+ Kf7 $14)) 18... Bd7 (18... Qb4 $14 19. Bd3 (19. hxg6 fxg6 20. Bd3 Rxf3 $11) 19...
f5 20. gxf6 (20. hxg6 hxg6 21. exf5 Nxf5 $11) 20... Rxf6) 19. hxg6 $40 {
[%emt 0:13:27] White has strong attack.} fxg6 20. f4 (20. Qxh7+ Kf7 21. Qh2 Nc8 $14) (20. Kc2 $16) 20... exf4 $2 (20... Rf7 $11 21. f5 (21. Qxh7+ Kf8 $17) 21... gxf5 22. exf5 (22.
Qxh7+ Kf8 $17) 22... Nxf5) 21. Qxh7+ $18 Kf7 {[%emt 0:00:01] 
[#] Loses the game.} 22. e5 $1 {[%emt 0:02:50][%cal Ye4e5,Ye5e6,Ye6d7]
Threatening mate with e6+. Really sharp!} ({And not} 22. Bxf4 Rh8 23. Qxh8 Bxh8
24. Rxh8 Qb4 $15) 22... Rh8 $2 (22... Nc8) 23. e6+ Kf8 24. Qxh8+ Bxh8 25. Rxh8+ Ng8 26. exd7 Nc7 27. Bxf4 Ke7 28. Rh7+ Kd8 29. Rg7 Qb4 30. Rxg8+ {[%emt 0:00:21] White mates.} Kxd7 31. Rxb8 Qxb8 32. Nge4 Qb4 33. Be2 Ne8 34. Bxa6 Nc7 35. Be2 Qb8 36. Bg4+ Ke8 37. Bxd6 Qb6 38. Bxc5 Qb3 39. d6 Ne6 40. d7+ Kd8 41. Be7+ {[%emt 0:30:42] Weighted Error Value: White=0.16 (very
precise) /Black=0.87} 1-0

[Event "44th Chess Olympiad Open 2022"]
[Site "Chennai"]
[Date "2022.08.03"]
[Round "6.56"]
[White "Mirzaad, S.wahabuddin"]
[Black "Nassr, Ali"]
[Result "1/2-1/2"]
[WhiteElo "1999"]
[BlackElo "2263"]
[Annotator "TA"]
[PlyCount "104"]
[EventDate "2022.??.??"]
[TimeControl "60"]

1. d4 Nf6 2. Bf4 e6 3. e3 c5 4. c3 d5 5. Nd2 Nc6 6. Ngf3 Bd6 7. Bg3 O-O 8. Bd3 b6 9. O-O {[%emt 0:01:10] D02:1
d4 d5 2 Nf3 sidelines, including 2...Nf6 3 g3 and 2...Nf6 3 Bf4.} Bb7 10. Qe2 Bxg3 {[%emt 0:14:31] The old main line.} 11.
hxg3 Re8 12. dxc5 bxc5 13. e4 {[%emt 0:00:22] [#]} a5 $146 ({
Predecessor:} 13... Ng4 14. Rfe1 f6 15. Rad1 Qb6 16. b3 Qa5 17. Nb1 d4 18. b4
cxb4 19. cxd4 Qh5 {½-½ (73) Eret,J (2235)-Husek,M (2174) Kouty nad Desnou
2017}) 14. Rfd1 h6 15. Rab1 Qb6 16. b3 Ba6 17. Bxa6 Rxa6 18. Re1 Raa8 19. exd5 exd5 20. Qd3 Rad8 21. Qf5 Rxe1+ 22. Rxe1 a4 23. Qc2 axb3 24. axb3 Ra8 25. Nh4 Nd8 26. Nf5 Ne6 (26... g6 $5 27. Ne3 (27. Nxh6+ Kg7 $15) 27... Nc6 $15) 27.
Ne3 g6 28. Qd3 Qb7 29. Qc2 {[%emt 0:06:29] Inhibits Ra2.} Ra3 30. Rb1 Qa8 31. b4 Ra2 32. Rb2 Ra1+ 33. Nef1 (
33. Rb1 $15) 33... cxb4 (33... c4 $17) 34. cxb4 $11 Nd4 35. Qd3 Qa7 36.
b5 {[%emt 0:01:28] [#] And now b6 would win.} Qb6 37. Rb4 Nf5 38. g4 Ne7 (38... Nd6 $5 ) 39. Nb3 Re1 40. Qd4 Nd7 41. Qd2 Rb1 42. Qc2 (42. Nd4 $5 Ra1 43. Qc3 $14 (43. Qxh6 Ne5 $16)) 42... Re1 43. Qd2 Rb1 44. Qc2 Re1 45. Qc3 Rb1 46. Nd4 Qa5 47. Rb3 Qxc3 48. Rxc3 {[%emt 0:00:00] [#] Hoping for Rc7. The position is equal.} Nb6 49. g3 Nec8 50. Kg2 Rb4 51. Rd3 Nd6 52.
Ne3 Nxb5 {[%emt 0:00:36] Weighted Error Value: White=0.15 
(very precise) /Black=0.13 (very precise)} 1/2-1/2

[Event "44th Chess Olympiad Open 2022"]
[Site "Chennai"]
[Date "2022.08.03"]
[Round "6.56"]
[White "Sakhawaty, Sepehr"]
[Black "Djabri, Massinas"]
[Result "0-1"]
[WhiteElo "1809"]
[BlackElo "2206"]
[Annotator "TA"]
[PlyCount "128"]
[EventDate "2022.??.??"]
[TimeControl "60"]

1. e4 c5 2. Nf3 d6 3. d4 cxd4 4. Nxd4 Nf6 5. Nc3 a6 6. Be2 e5 7. Nb3 Be7 8. Be3 Be6 9. Bf3 Nbd7 10. O-O {[%emt 0:04:10] B92: Sicilian Najdorf: 6 Be2.} b5 11. Nd5 Nxd5 12. exd5 {
[%emt 0:00:06] The position is equal.} Bf5 {[%emt 0:00:04] [#]} 13. a4 $146 ({Predecessor:} 13. Qd2 a5 14. a4 b4 15. Be2 O-O 16. c3 bxc3
17. bxc3 Nf6 18. Bb5 Ng4 19. c4 Nxe3 20. Qxe3 {½-½ (43) Huerga,A (2145)
-Ylonen,O (2009) FICGS email 2013}) 13... Rc8 (13... b4 $11)
14. c3 {[%emt 0:03:05] Black should prevent axb5.} b4 $1 15.
Rc1 ({Don't play} 15. cxb4 Bc2 16. Qd2 Bxb3 $17) 15... bxc3 16. bxc3 Bg5 17. Be2 Ra8 18. f4 exf4 19. Bxf4 Bxf4 20. Rxf4 Bg6 21. Bd3 (21. c4 $1 $11) 21... O-O 22. Bxg6 hxg6 23. Nd4 Qg5 24. Qg4 Qxg4 25. Rxg4 Ne5 (25... Nf6
$5 26. Rg5 Rfe8 $17) 26. Re4 Rfc8 {[%emt 0:00:
00] Prevents Nc6.} 27. c4 Rxc4 28. Rxc4 Nxc4 $15 {[%emt 0:00:04] Endgame KRN-KRN} 29. Nc6 Nb6 30. Rd4 Re8 31. a5 Nd7 32. Kf2 g5 33. Rb4 Nc5 34. Rb6 Re4 35. Kf3 (35.
g3 $15) 35... g4+ $17 36. Kf2 (36. Kg3 $17)
36... Ra4 ({Black should try} 36... f5 $19 {...Nd3+ is the
strong threat.} 37. Kf1 f4) 37. Ne7+ {[%emt 0:01:21] Discovered Attack} Kh7 38. Nc8 (38. Kg3 $15) 38... Rxa5 39. Nxd6 Na4 40. Rb4 Rxd5 {[%emt 0:01:50] Hoping for ... Nc5.} 41. Nxf7 $2 (41. Rxg4 $17 Nc5 42. Rh4+ Kg6 43. Nc4) 41... Nc5 $1 $19 42. Kg3 Kg8 43. Rf4 Ne6 (43... a5 $142 {Threatens to win with ...a4.} 44. Kxg4 a4) 44.
Rf1 (44. Rf2 {only move.}) 44... a5 45. Kxg4 a4 {[%emt 0:00:20] Strongly threatening ...Rd4+.} 46. h4 $2 {
[%emt 0:05:23] [#]} (46. g3) 46... a3 $2 (46... Rd4+ $1 $19
47. Kg3 {[#]} Rf4 $1) 47. Ng5 $2 {[%emt 0:00:51] This move loses the game for
White.} (47. Ra1 $17) 47... Nxg5 48. hxg5 {[%emt 0:00:10]
KR-KR} a2 {[%emt 0:00:00] Black mates.} 49. Kh5 Ra5 50. Ra1 Kh7 51. g3 Ra4 52. g6+ Kg8 53. Kg5 Ra5+ 54. Kf4 Kf8 55. g4 Ke7 56. g5 Kd6 57. Ke4 Ke6 58. Kf4 Ra4+ 59. Kg3 Kf5 60. Kh3 Kxg6 61. Kg3 Kxg5 62. Kh3 Kf4 63. Kg2 Ke3 64. Rh1 a1=Q {[%emt 0:00:23] Weighted Error Value: White=0.41/Black=0.
18 (very precise)} 0-1

[Event "44th Chess Olympiad Open 2022"]
[Site "Chennai"]
[Date "2022.08.03"]
[Round "6.57"]
[White "Mansour, Sameer"]
[Black "Ayyad, Maher"]
[Result "1-0"]
[WhiteElo "2275"]
[BlackElo "2101"]
[Annotator "RC"]
[PlyCount "111"]
[EventDate "2022.??.??"]
[TimeControl "60"]

1. Nf3 d5 2. g3 Nf6 3. Bg2 c6 4. d3 g6 5. Nbd2 Bg7 6. O-O Nbd7 7. e4 dxe4 8. dxe4 e5 9. Qe2 O-O 10. Nc4 Qc7 11. Rd1 Rd8 12. b3 b5 13.
Nd6 Nc5 14. Nxc8 Rxd1+ 15. Qxd1 Rxc8 16. Nd2 Rd8 17. Qe2 Ne6 18. c3 Qd7 19. Nf1 Qd3 20. Qxd3 Rxd3 21. Be3 a6 22. Rc1 Ng4 23. Bb6 Bh6 24. Rc2 Bf8 25. b4 Ng5 26. h4 Nf3+ 27. Bxf3 Rxf3 28. Ne3 Nxe3 29. Bxe3 Rf6 30. a3 Rd6 31. Rc1 Be7 32. Bc5 Rd7 33.
Bxe7 Rxe7 34. c4 Re6 35. a4 bxa4 36. c5 Re7 37. Ra1 Ra7 38.
Rxa4 Kf8 39. Kf1 Ke7 40. Ke2 Kd7 41. Kd3 Kc7 42. Kc4 Ra8 43.
Ra3 f5 44. exf5 gxf5 45. h5 h6 46. f3 Kb7 47. Rd3 Rg8 48.
Rd7+ Kb8 49. Rd6 Rxg3 50. Rxc6 Kb7 51. Rb6+ Ka7 52. Rxh6 Rxf3 53. Rh7+ Kb8 54. c6 Rf1 55. Kc5 Rb1 56. h6 1-0

[Event "44th Chess Olympiad Open 2022"]
[Site "Chennai"]
[Date "2022.08.03"]
[Round "6.57"]
[White "Ayyad, Husain"]
[Black "Ahmad, Al Khatib"]
[Result "0-1"]
[WhiteElo "2209"]
[BlackElo "2244"]
[Annotator "TA"]
[PlyCount "86"]
[EventDate "2022.??.??"]
[TimeControl "60"]

1. e4 c6 2. d4 d5 3. exd5 cxd5 4. Bd3 Nf6 5. h3 Nc6 6. c3 g6 7. Nf3 Bf5 8. Bxf5 {[%emt 0:00:11] 8.Be2 is
a critical line.} gxf5 9. O-O {[%emt 0:00:12] B13: Caro-Kann:
Exchange Variation and Panov-Botvinnik Attack.} e6 10. Bf4 Bd6 11. Bg5 {[%emt 0:02:43] The position is
equal.} Be7 12. Bxf6 Bxf6 {[%emt 0:00:12] [#]
} 13. Nbd2 $146 ({Predecessor:} 13. Ne1 Qd6 14. Nd3 O-O-O 15.
Nd2 Rhg8 16. Nf3 Rg6 17. Kh1 Rdg8 18. Rg1 Bd8 19. g3 f6 20. Qe2 {1-0 (35)
Sanal,V (2563)-Maung,M (2121) Chess.com INT 2021}) 13... Rg8 14. Qe2 Rg6 15. a4 Qd6 16. a5 Kf8 17. b4 Kg8 18. b5 Ne7 19. a6 b6 20. Rac1 Kh8 21. Ne5 Rg7 22. Kh1 Rag8 23. Ndf3 Bxe5 24. Qxe5 Qd7 25. c4 dxc4 26. Rxc4 Nd5 {[%emt 0:00:15] Prevents Rc7.} 27. Rc6 $1 f6 28. Qxe6 Qxe6 29. Rxe6 {[%emt 0:00:00] 
[#] Strongly threatening Rd6.} Rxg2 30. Rd6 Nc3 {[%emt 0:00:41] Hoping for ...Ne4.} 31. Rxf6 $2 (31. Rc6
$11 Ne4 32. Rc2) 31... Ne4 $19 32. Rxf5 {[%emt 0:03:36] And
now Ne5 would win.} Nxf2+ 33. Rxf2 Rxf2 {
[%emt 0:00:09] Endgame KRR-KRN} 34. d5 (34. Nh4 $142 Rxf5 35.
Nxf5) 34... Rg3 35. Nd4 Rxf5 36. Nxf5 {[%emt 0:00:01] KR-KN} Rb3 (36...
Rxh3+ $142 37. Kg2 Rc3) 37. Nd6 Rc3 38. Nb7 Rxh3+ 39. Kg2 Rd3 40. d6 Kg8 41. Kf2 Kf8 {[%emt 0:00:00] ( -> ...Ke8)} 42. Nd8 Rxd6 43. Nc6 {[%emt 0:00:00] [#]} Rxc6 $1 {[%emt 0:00:00] Weighted Error Value:
White=1.17/ Black=0.31} 0-1

[Event "44th Chess Olympiad Open 2022"]
[Site "Chennai"]
[Date "2022.08.03"]
[Round "6.57"]
[White "Aboudi, Marwan"]
[Black "Al-Burshaid, Ebrahim"]
[Result "1-0"]
[WhiteElo "2144"]
[BlackElo "1702"]
[Annotator "NA RC"]
[PlyCount "103"]
[EventDate "2022.??.??"]
[TimeControl "60"]

1. e4 e5 2. Nf3 Nc6 3. Bb5 a6 4. Ba4 Nf6 5. O-O Be7 6. Re1 b5 7. Bb3 d6 8. c3 O-O 9. d3 Na5 10. Bc2 c5 11. Nbd2 Re8 12. Nf1 Bf8 13.
Ng3 Nc6 14. a4 Rb8 15. axb5 axb5 16. d4 cxd4 17. cxd4 Bg4 18. d5 Nd4 19. Be3 Bxf3 20. gxf3 Nxc2 21. Qxc2 Qc8 22. Qe2 Qh3 23. Rec1 g6 24. Ra7 Rec8 25. Rxc8 Qxc8 26. Kg2 h5 27. Qd2 Ra8 28. Rxa8 Qxa8 29. Qb4 Qb7 30. Ne2 Ne8 31. Qa5 b4 32. Bd2 b3 33. Qb4 Qxb4 34. Bxb4 Nc7 35. Nc1 Na6 36. Ba3 Nc5 37. Bxc5 dxc5 38. Nxb3 f6 39. Kf1 Kf7 40. Ke2 Ke8 41. Kd3 Kd7 42. Kc4 Bd6 43. Nxc5+ Kc7 44. Kb5 h4 45. h3 f5 46. Ne6+ Kb7 47. exf5 gxf5 48. Ng7 e4 49. Nxf5 Be5 50. fxe4 Bxb2 51. Nxh4 Be5 52. Ng6 1-0